 Dungeon Crawl Stone Soup version 0.27-a0-1529-g1e82c303ef (webtiles) character file.

Game seed: 10493335057726829161

250 ipx the Digger (level 5, -6/28 HPs)
             Began as a Deep Elf Earth Elementalist on July 12, 2021.
             Mangled by a hornet zombie (13 damage)
             ... on level 4 of the Dungeon.
             The game lasted 00:12:30 (727 turns).

ipx the Digger (Deep Elf Earth Elementalist)         Turns: 727, Time: 00:12:30

Health: -6/28      AC:  3    Str:  5    XL:     5   Next: 88%
Magic:  2/13       EV: 12    Int: 21    God:
Gold:   87         SH:  0    Dex: 15    Spells: 5/13 levels left

rFire    . . .     SeeInvis .   a - +0 trident
rCold    . . .     Faith    .   (no shield)
rNeg     . . .     Spirit   .   b - +0 robe
rPois    .         Reflect  .   (no helmet)
rElec    .         Harm     .   (no cloak)
rCorr    .         Rampage  .   f - +0 pair of gloves
Will     .....                  (no boots)
Stlth    ++........             (no amulet)
HPRegen  0.09/turn              (no ring)
MPRegen  0.13/turn              (no ring)

@: very slightly contaminated
A: no striking features
a: no special abilities


You were on level 4 of the Dungeon.
You visited 1 branch of the dungeon, and saw 4 of its levels.

You collected 87 gold pieces.

Inventory:

Hand Weapons
 a - a +0 trident (weapon)
Missiles
 c - 34 stones
Armour
 b - a +0 robe (worn)
 f - a +0 pair of gloves (worn)
Scrolls
 d - 5 scrolls of teleportation {unknown}
 i - a scroll of vulnerability {unknown}
 k - a scroll of magic mapping {unknown}
 l - a scroll of enchant weapon {unknown}
 m - a scroll of fear {unknown}
Potions
 e - 2 potions of haste {unknown}
 g - a potion of heal wounds {unknown}
 h - a potion of curing {unknown}
 j - a potion of ambrosia {unknown}
 n - a potion of invisibility {unknown}


   Skills:
 - Level 2.4 Dodging
 - Level 2.4 Stealth
 + Level 4.6 Spellcasting
 - Level 3.3 Conjurations
 - Level 1.1 Transmutations
 + Level 1.3 Air Magic
 - Level 5.0 Earth Magic
 + Level 1.1 Poison Magic


You had 5 spell levels left.
You knew the following spells:

 Your Spells              Type           Power      Damage    Failure   Level
r - Stone Arrow           Conj/Erth      44%        3d9       6%          3
v - Poisonous Vapours     Pois/Air       20%        N/A       11%         2
w - Passwall              Tmut/Erth      14%        N/A       4%          2
z - Sandblast             Erth           50%        2d12      1%          1

Your spell library contained the following spells:

 Spells                   Type           Power      Damage    Failure   Level
 Mephitic Cloud           Conj/Pois/Air  13%        N/A       16%         3
 Petrify                  Tmut/Erth      17%        N/A       32%         4
 Freezing Cloud           Conj/Ice/Air   5%         6-21      86%         5


Dungeon Overview and Level Annotations

Branches:
Dungeon (4/15)
 Temple: D:4-7

Altars:


Message History

Aiming: Stone Arrow (quite dangerous; 6% risk of failure)
Press: ? - help, Shift-Dir - straight line, f - hornet zombie
Aim: a hornet zombie (75% to hit)
The stone arrow hits the hornet zombie!
The hornet zombie is moderately damaged.
Casting: Stone Arrow (quite dangerous; 6% risk of failure)
Confirm with . or Enter, or press ? or * to list all spells.
Aiming: Sandblast (safe; 1% risk of failure)
Press: ? - help, Shift-Dir - straight line, f/p - hornet zombie
Aim: a hornet zombie (moderately damaged, 83% to hit)
The blast of sand hits the hornet zombie!
The hornet zombie is heavily damaged.
Casting: Sandblast (safe; 1% risk of failure)
Confirm with . or Enter, or press ? or * to list all spells.
The spell is quite dangerous to cast (6% risk of failure)!
Continue anyway?
Aiming: Stone Arrow (quite dangerous; 6% risk of failure)
Press: ? - help, Shift-Dir - straight line, f/p - hornet zombie
Aim: a hornet zombie (heavily damaged, 75% to hit)
The stone arrow hits the hornet zombie.
The hornet zombie is severely damaged.
The hornet zombie hits you!
Casting: Stone Arrow (quite dangerous; 6% risk of failure)
Confirm with . or Enter, or press ? or * to list all spells.
Aiming: Sandblast (safe; 1% risk of failure)
Press: ? - help, Shift-Dir - straight line, f/p - hornet zombie
Aim: a hornet zombie (severely damaged, 83% to hit)
The blast of sand hits the hornet zombie.
The hornet zombie is severely damaged.
The hornet zombie hits you!
Casting: Sandblast (safe; 1% risk of failure)
Confirm with . or Enter, or press ? or * to list all spells.
Aiming: Sandblast (safe; 1% risk of failure)
Press: ? - help, Shift-Dir - straight line, f/p - hornet zombie
Aim: a hornet zombie (severely damaged, 83% to hit)
You miscast Sandblast.
You are very lightly contaminated with residual magic.
Nothing appears to happen.
The hornet zombie hits you.
* * * LOW HITPOINT WARNING * * *
The hornet zombie hits you!
You die...

#.# #...# #.
#...##
...#####...#
#....##.###
#..## ##.#
##..#
###.##.#
#†@## .#
#.Z## #.
..... ##
#.....#
#.##.. . ##.
#


You could see a hornet zombie.

Vanquished Creatures
  A bullfrog (D:4)
  A scorpion (D:4)
  A jelly (D:2)
  An orc wizard (D:3)
  3 adders
  An ufetubus (D:4)
  2 worms
  A dart slug (D:3)
  3 orcs (D:3)
  4 ball pythons
  2 endoplasms (D:2)
  3 giant cockroaches
  A hobgoblin (D:2)
  3 jackals (D:1)
  2 quokkas (D:2)
  3 bats
  A frilled lizard (D:3)
  2 kobolds
  3 rats
38 creatures vanquished.

Notes
Turn   | Place    | Note
-------+----------+-------------------------------------------
     0 | D:1      | ipx the Deep Elf Earth Elementalist began the quest for the
                  | Orb.
     0 | D:1      | Reached XP level 1. HP: 10/10 MP: 6/6
    80 | D:1      | Reached skill level 1 in Conjurations
   202 | D:2      | Reached XP level 2. HP: 15/15 MP: 5/8
   205 | D:2      | Learned a level 2 spell: Passwall
   337 | D:2      | Reached skill level 4 in Earth Magic
   365 | D:2      | Reached XP level 3. HP: 19/19 MP: 6/9
   369 | D:2      | Learned a level 3 spell: Stone Arrow
   393 | D:2      | Reached XP level 4. HP: 24/24 MP: 2/11
   591 | D:4      | Noticed a bullfrog
   593 | D:4      | Killed a bullfrog
   594 | D:4      | Reached XP level 5. HP: 28/28 MP: 9/13
   651 | D:3      | Learned a level 2 spell: Poisonous Vapours
   677 | D:4      | Reached skill level 1 in Air Magic
   677 | D:4      | Reached skill level 5 in Earth Magic
   687 | D:4      | Reached skill level 1 in Poison Magic
   727 | D:4      | Mangled by a hornet zombie

Illustrated notes

Levels and vault maps discovered:
D:1:      wander_arrival_abandoned_jail, layout_rooms
D:2:      layout_loops_corners, shapermc_ecumenical_altar_mp_urbaneastern
D:3:      layout_rooms
D:4:      minmay_bubble_buster, layout_layer_cave, elyvilon_altar_3,
          nicolae_ru_the_path_less_chosen, lightli_temple_of_fire,
          enter_ossuary_5, grunt_ministairs_8, uniq_edmund, uniq_duvessa,
          uniq_pikel, uniq_eustachio, uniq_blork_the_orc

Skill      XL: |  1  2  3  4  5 |
---------------+----------------+-----
Conjurations   | 1 2 3 |  3.3
Earth Magic    | 4 5 |  5.0
Spellcasting   | 4 |  4.6
Air Magic      | 1 |  1.3
Poison Magic   | 1 |  1.1
Dodging        | |  2.4
Stealth        | |  2.4
Transmutations | |  1.1

Action                   |  1- 3 |  4- 6 || total
-------------------------+-------+-------++-------
Melee: Trident           |       |     5 ||     5
 Cast: Sandblast         |    29 |    24 ||    53
       Stone Arrow       |       |     4 ||     4
       Poisonous Vapours |       |     1 ||     1
Armor: Robe              |     3 |     2 ||     5
Dodge: Dodged            |     3 |     5 ||     8

Table legend: (Time is in decaauts)
 A = Elapsed time spent in this place.
 B = Non-inter-level travel time spent in this place.
 C = Inter-level travel time spent in this place.
 D = Time resting spent in this place.
 E = Time spent auto-exploring this place.
 F = Levels seen in this place.
 G = Mean time per level.
                   A        B        C        D        E       F      G
               +--------+--------+--------+--------+--------+-----+--------+
         Total |    729 |    729 |      0 |      0 |      0 |   4 |  182.2 |
       Dungeon |    729 |    729 |      0 |      0 |      0 |   4 |  182.2 |
               +--------+--------+--------+--------+--------+-----+--------+

Top non-repeatable levels by time:
     D:2: 273 daAuts
     D:1: 194 daAuts
     D:3: 183 daAuts
     D:4: 78 daAuts
